 Dungeon Crawl Stone Soup version 0.31-a0-1291-g5386780bc2 (webtiles) character file.

Game seed: 10175222694463543057

37 Nattfarinn the Changeling (level 3, -1/32 (33) HPs)
             Began as an Ogre Shapeshifter on Dec 18, 2023.
             Slain by a wight
             ... wielding a +1 long sword
              (6 damage)
             ... on level 3 of the Dungeon.
             The game lasted 00:01:41 (702 turns).

Nattfarinn the Changeling (Ogre Shapeshifter)        Turns: 702, Time: 00:01:41

HP:   -1/32 (33)    AC:  3    Str: 20    XL:     3   Next: 41%
MP:   3/3           EV:  9    Int: 11    God:
Gold: 39            SH:  0    Dex:  8    Spells: 2/2 levels left

rFire   . .          .
                       - Unarmed
rCold   . . .        (no shield)
rNeg    . . .        a - +0 animal skin
rPois   .            (helmet currently unavailable)
rElec   .            (cloak currently unavailable)
rCorr   .            (gloves unavailable)
SInv    .            (boots unavailable)
Will    .....        (no amulet)
Stlth   +            (no ring)
HPRegen 0.25/turn    (no ring)
MPRegen 0.08/turn

%: no passive effects
@: beast-form, lightly drained
A: beast (slay +2), large, unfitting armour, tough skin 1
a: Begin Untransformation


You were on level 3 of the Dungeon.
You were a hulking beast.
You visited 1 branch of the dungeon, and saw 3 of its levels.

You collected 39 gold pieces.

Inventory:

Armour
 a - a +0 animal skin (worn)
 k - a +0 cloak
Jewellery
 i - a +6 ring of intelligence
Talismans
 c - a beast talisman
 d - a flux talisman
Scrolls
 e - 2 scrolls of identify {unknown}
 g - a scroll of blinking {unknown}
 j - a scroll of vulnerability {unknown}
 l - a scroll of enchant armour {unknown}
Potions
 b - a potion of lignification
 f - a potion of curing {unknown}
 h - a potion of ambrosia {unknown}


   Skills:
 - Level 1.3 Fighting
 - Level 1.7 Dodging
 + Level 3.1 Unarmed Combat
 * Level 3.8 Shapeshifting


You had 2 spell levels left.
You didn't know any spells.
Your spell library was empty.

Dungeon Overview and Level Annotations

Branches:
Dungeon (2/15)

Altars:


Innate Abilities, Weirdness & Mutations

You are a hulking beast.
Your limbs bulge with bestial killing power. (Slay +2)
You are too large for most types of armour.
You have tough skin. (AC +1)


Message History

l - a scroll labelled HOILOK JOER
Found a stone staircase leading down.
There is a stone staircase leading down here.
A giant cockroach comes into view.
A jackal comes into view.
A jackal comes into view.
A malevolent force fills the Dungeon...
You fall into a shaft and drop 1 floor!
The shaft crumbles and collapses.
A wight comes into view. It is wielding a +1 long sword.
Found a green potion.
Found a dagger.
The wight hits you with a +1 long sword!
You feel drained.
You hit the wight.
The wight is lightly damaged.
The wight hits you with a +1 long sword!
* * * LOW HITPOINT WARNING * * *
You are too injured to fight recklessly!
You are too injured to fight recklessly!
You are too injured to fight recklessly!
You are too injured to fight recklessly!
You are too injured to fight recklessly!
You are too injured to fight recklessly!
You are too injured to fight recklessly!
You are too injured to fight recklessly!
You are too injured to fight recklessly!
You are too injured to fight recklessly!
You are too injured to fight recklessly!
You are too injured to fight recklessly!
You are too injured to fight recklessly!
You are too injured to fight recklessly!
You are too injured to fight recklessly!
You are too injured to fight recklessly!
You are too injured to fight recklessly!
You are too injured to fight recklessly!
You hit the wight but do no damage.
The wight is lightly damaged.
The wight hits you with a +1 long sword.
You die...

.... ...###+#
.....###### #
#........# ..
#........# #.###
#.!......### ....#
+........+.#
#.####........#.####
#........##..zh....#
#####.....#.###.##.#
#.....#)# #.# .#
#.......# #.# .#
#......## #.# .#
#........ #.# .#
####..... ... ..
###### #.# .#


You could see a wight.

Vanquished Creatures
  A gnoll (D:1)
  A ball python (D:1)
  5 endoplasms (D:1)
  2 goblins (D:1)
  A hobgoblin (D:1)
  A quokka (D:1)
  5 bats
  4 frilled lizards (D:1)
  3 kobolds
  4 rats (D:1)
27 creatures vanquished.

Notes
Turn   | Place    | Note
-------+----------+-------------------------------------------
     0 | D:1      | Nattfarinn the Ogre Shapeshifter began the quest for the
                  | Orb.
     0 | D:1      | Reached XP level 1. HP: 19/19 MP: 1/1
   108 | D:1      | Reached XP level 2. HP: 26/27 MP: 2/2
   270 | D:1      | Reached XP level 3. HP: 33/33 MP: 3/3
   679 | D:2      | You fall into a shaft and drop 1 floor!
   681 | D:3      | Noticed a wight
   702 | D:3      | Slain by a wight

Illustrated notes

Levels and vault maps discovered:
D:1:      onia_arrival_mini_spirals, layout_basic, grunt_decor_junction,
          st_stairs_1
D:2:      layout_basic, dreamdust_ecumenical_altar_grove,
          hangedman_decor_peaks_small
D:3:      layout_basic, small_statue_intersection, dreamdust_mushroom_princess

Skill      XL: |  1  2 |
---------------+-------+-----
Unarmed Combat | 3 |  3.1
Fighting       | |  1.3
Dodging        | |  1.7
Shapeshifting  | |  3.8

Action                     || total
---------------------------++-------
  Melee: Unarmed           ||    61
         Punch             ||     3
 Armour: Animal skin       ||    41
  Dodge: Dodged            ||    33

Table legend: (Time is in decaauts)
 A = Elapsed time spent in this place.
 B = Non-inter-level travel time spent in this place.
 C = Inter-level travel time spent in this place.
 D = Time resting spent in this place.
 E = Time spent auto-exploring this place.
 F = Levels seen in this place.
 G = Mean time per level.
                   A        B        C        D        E       F      G
               +--------+--------+--------+--------+--------+-----+--------+
         Total |    698 |    655 |     43 |      0 |    497 |   3 |  232.7 |
       Dungeon |    698 |    655 |     43 |      0 |    497 |   3 |  232.7 |
               +--------+--------+--------+--------+--------+-----+--------+

Top non-repeatable levels by time:
     D:1: 608 daAuts
     D:2: 67 daAuts
     D:3: 22 daAuts
